 Dungeon Crawl Stone Soup version 0.21.1-1-g345015f (webtiles) character file.

72 Monsterracer the Insei (level 4, -2/31 HPs)
             Began as an Octopode Monk on Feb 13, 2018.
             Slain by a hobgoblin
             ... wielding a +0 club
              (9 damage)
             ... on level 3 of the Dungeon.
             The game lasted 00:02:37 (2372 turns).

Monsterracer the Insei (Octopode Monk)              Turns: 2372, Time: 00:02:38

Health: -2/31      AC:  1    Str: 10    XL:     4   Next: 25%
Magic:  4/4        EV: 14    Int: 13    God:
Gold:   167        SH:  0    Dex: 14    Spells: 3/3 levels left

rFire    . . .     SeeInvis .     - Unarmed
rCold    . . .     Gourm    .   (no shield)
rNeg     . . .     Faith    .   (helmet restricted)
rPois    .         Spirit   .   (no amulet)
rElec    .         Reflect  .   f - ring of stealth
rCorr    .         Harm     .   (no ring)
MR       .....                  (no ring)
Stlth    ++++......             (no ring)
HPRegen  0.10/turn              (no ring)
MPRegen  0.09/turn              (no ring)
                                (no ring)
                                (no ring)

@: no status effects
A: almost no armour, stealthy swim, amphibious, 8 rings, constrict 8, camouflage
1, gelatinous body 1
a: no special abilities


You were on level 3 of the Dungeon.
You were not hungry.

You visited 1 branch of the dungeon, and saw 3 of its levels.

You collected 167 gold pieces.

Inventory:

Jewellery
 f - a ring of stealth (left tentacle)
Scrolls
 h - a scroll of teleportation
 i - 3 scrolls of remove curse
Potions
 b - a potion of invisibility
 d - 3 potions of flight
 j - a potion of magic
 l - a potion of haste {unknown}
 o - a potion of heal wounds {unknown}
Comestibles
 c - 5 rations


   Skills:
 - Level 3.0 Fighting
 - Level 3.0 Dodging
 - Level 2.6 Stealth
 + Level 5.0 Unarmed Combat


You had 3 spell levels left.
You didn't know any spells.

Dungeon Overview and Level Annotations

Branches:
Dungeon (3/15)

Altars:

Annotations:
D:3 Robin


Innate Abilities, Weirdness & Mutations

You cannot wear most types of armour.
You are very stealthy in the water. (Stealth+)
You are amphibious.
You can wear up to eight rings at the same time.
You can use your tentacles to constrict eight enemies at once.
Your skin changes colour to match your surroundings (Stealth+).
Your rubbery body absorbs attacks. (AC +1, EV +1)


Message History

The goblin shouts!
A goblin comes into view.
The goblin shouts!
A hobgoblin comes into view. It is wielding a club.
The hobgoblin shouts!
A goblin comes into view.
The goblin shouts!
Found a robe and a plate armour.
Found a stone staircase leading down. 3 goblins come into view.
As you read the scroll labeled ZIAGEO WEMPESUIFEN, it crumbles to dust.
The scroll dissolves into smoke.
It was a scroll of fog.
You hear a shout!
The goblin hits you but does no damage. The goblin barely misses you.
The goblin misses you. The goblin closely misses you. The goblin hits you.
You take 1 damage, and have 30/31 hp.
You bludgeon the goblin!
You kill the goblin!
The goblin hits you. The goblin misses you.
You take 1 damage, and have 29/31 hp.
The goblin hits you but does no damage. The goblin closely misses you.
The goblin misses you.
You tentacle-slap the goblin. You grab the goblin.
The goblin is heavily wounded.
You constrict the goblin.
You kill the goblin!
The goblin completely misses you.
A hobgoblin comes into view. It is wielding a club.
The goblin closely misses you.
Found a stone staircase leading up.
The goblin wields a hunting sling.
The goblin shoots a stone.
The stone completely misses you.
There is a stone staircase leading up here.
You closely miss the goblin. Your grab misses the goblin.
The goblin closely misses you.
You bludgeon the goblin!
You kill the goblin!
The hobgoblin no longer looks unusually strong.
As you read the scroll labeled QYLAHOUCS, it crumbles to dust.
You feel as if something is helping you.
It was a scroll of remove curse.
The goblin shoots a stone.
The stone barely misses you.
Drop what? 10/52 slots (_ for help) (? for menu, Esc to quit)
You remove your ring of teleportation.
The goblin shoots a stone.
The stone closely misses you.
You drop an uncursed ring of teleportation.
The goblin no longer looks unusually strong.
Health restored: 31 You barely miss the hobgoblin.
You grab the hobgoblin.
You constrict the hobgoblin, but do no damage.
The hobgoblin hits you with a club.
The goblin unwields an uncursed hunting sling.
The goblin misses you.
You take 5 damage, and have 26/31 hp.
You tentacle-slap the goblin. You grab the goblin.
You kill the goblin!
You constrict the hobgoblin.
The goblin no longer looks unusually strong.
The hobgoblin barely misses you.
You closely miss the goblin. You grab the goblin.
You constrict the hobgoblin, but do no damage.
You constrict the goblin. The goblin hits you.
The hobgoblin hits you but does no damage.
You take 3 damage, and have 23/31 hp.
You release your grip on the hobgoblin.
You release your grip on the goblin.
The goblin closely misses you.
The hobgoblin hits you but does no damage.
You tentacle-slap the goblin but do no damage.
You grab the goblin.
The goblin is moderately wounded.
You constrict the goblin. The hobgoblin hits you with a club.
The goblin misses you. The goblin hits you with a club.
The goblin closely misses you.
The hobgoblin hits you but does no damage.
You take 6 damage, and have 17/31 hp.
You tentacle-slap the goblin.
The goblin is severely wounded.
You constrict the goblin. The hobgoblin hits you with a club.
* * * LOW HITPOINT WARNING * * *
The goblin closely misses you. The goblin hits you but does no damage.
The goblin closely misses you. The hobgoblin hits you with a club.
* * * LOW HITPOINT WARNING * * *
Robin roars a battlecry!
The goblins go into a battle-frenzy!
You take 6 damage, and have 11/31 hp.
You tentacle-slap the goblin.
You kill the goblin!
Your Unarmed Combat skill increases to level 5!
The hobgoblin completely misses you. The goblin hits you with a club.
* * * LOW HITPOINT WARNING * * *
The goblin hits you.
* * * LOW HITPOINT WARNING * * *
You take 4 damage, and have 7/31 hp.
The hobgoblin completely misses you. The goblin barely misses you.
There is a stone staircase leading up here.
Things that are here:
an uncursed ring of teleportation; a goblin corpse Robin says, "My goblins will feast on your bones."
Robin throws the goblin at you! The hobgoblin hits you with a club!
You die...

*,,*,*,**,,,*,* *,**************,
,,,*,*,**,,,*,* *,,,,,,,,,,,,,,,,
**,*,*,**,,,*,#####**************
*,*,*,**,,,*,#.(.# *,,,,,,,,,
**,*,*,**,,,*,#...# *,********
,,,*,*,*,,,,,,#...# *,*
****,*,#.,,,**#...# *,*
,,,,,*,#.**** #..g# *,*
,,,***,#.* #.@g# *******### ,,,*
*,#.*


#ggg# ****,,,,,#.. ,,,* *,#.* #..g#***,,*,,,,,#..
,,,###+#.######g..#,,*,*,,,_,,#.. ,,,#....§§....#...#.#,***,,,,,#..
***#..g.§§§gg.......#** *,,,,,#.. ***#[..g§§§g..#...#############..
,,....g.......##....#............ **##..........##.####.#####.#.#.. You could
see Robin, 2 hobgoblins and 4 goblins.

Vanquished Creatures
  An adder (D:2)
  2 worms (D:2)
  2 dart slugs (D:1)
  A leopard gecko (D:1)
  4 giant cockroaches
  11 goblins
  6 hobgoblins
  3 jackals (D:2)
  4 kobolds
  A quokka (D:3)
  5 bats
  2 frilled lizards
  5 rats
47 creatures vanquished.

Notes
Turn   | Place    | Note
-------+----------+-------------------------------------------
     0 | D:1      | Monsterracer the Octopode Monk began the quest for the Orb.
     0 | D:1      | Reached XP level 1. HP: 16/16 MP: 1/1
   185 | D:1      | HP: 8/16 [bat (1)]
   482 | D:1      | Reached XP level 2. HP: 21/21 MP: 2/2
   844 | D:1      | Reached skill level 4 in Unarmed Combat
   973 | D:2      | Reached XP level 3. HP: 26/26 MP: 3/3
  2002 | D:2      | Reached XP level 4. HP: 27/31 MP: 4/4
  2345 | D:3      | Noticed Robin
  2369 | D:3      | HP: 13/31 [hobgoblin/club (4)]
  2370 | D:3      | Reached skill level 5 in Unarmed Combat
  2372 | D:3      | Slain by a hobgoblin

Skill      XL: |  1  2  3  4 |
---------------+-------------+-----
Unarmed Combat | 4 5 |  5.0
Fighting       | |  3.0
Dodging        | |  3.0
Stealth        | |  2.6

Action                   |  1- 3 |  4- 6 || total
-------------------------+-------+-------++-------
Melee: Unarmed           |    80 |    20 ||   100
       Constrict         |    23 |     7 ||    30
       Tentacles         |    11 |     2 ||    13
  Use: Scroll            |       |    10 ||    10
 Stab: Sleeping          |    13 |     5 ||    18
  Eat: Chunk             |     3 |     1 ||     4
Armor: Skin              |     8 |     3 ||    11
Dodge: Dodged            |    68 |    29 ||    97

Vault maps used:
D:1:      sevenhm_arrival_forest_fort_large_2, minmay_liquid_box,
          minmay_statues_item
D:2:      minmay_crystal_room, st_stairs_13, kennysheep_generic_room_10
D:3:      minitemple, nicolae_ru_the_path_less_chosen, uniq_robin
